 Dungeon Crawl Stone Soup version 0.18.1-8-gdd0e5ea (webtiles) character file.

90 deorigin the Cutter (level 4, 0/30 HPs)
             Began as a Halfling Fighter on May 22, 2016.
             Slain by a gnoll
             ... wielding a +0 spear
              (5 damage)
             ... on level 2 of the Dungeon.
             The game lasted 00:02:45 (1516 turns).

deorigin the Cutter (Halfling Fighter)              Turns: 1516, Time: 00:02:46

Health: 0/30       AC:  9    Str: 16    XL:     4   Next: 85%
Magic:  4/4        EV:  6    Int:  7    God:
Gold:   117        SH:  9    Dex: 14    Spells: 0 memorised, 3 levels left

rFire  . . .     SeeInvis .     a - +0 rapier
rCold  . . .     Gourm    .     m - +0 chain mail
rNeg   . . .     Faith    .     c - +0 shield
rPois  .         Spirit   .     (no helmet)
rElec  .         Dismiss  .     (no cloak)
rCorr  .         Reflect  .     (no gloves)
SustAt .         Harm     .     (no boots)
MR     .....                    (no amulet)
Stlth  ..........               (no ring)
                                (no ring)

@: drained, not resistant to hostile enchantments, extremely unstealthy
A: mutation resistance 1
a: no special abilities


You were on level 2 of the Dungeon.
You were not hungry.

You visited 1 branch of the dungeon, and saw 2 of its levels.

You collected 117 gold pieces.

Inventory:

Hand Weapons
 a - a +0 rapier (weapon)
 o - a +2 dagger of draining
Missiles
 g - 15 poisoned needles
Armour
 b - a +0 scale mail
 c - a +0 shield (worn)
 m - a +0 chain mail (worn)
Scrolls
 e - 4 scrolls of identify {unknown}
 i - 3 scrolls of remove curse {unknown}
 j - a scroll of magic mapping {unknown}
 k - a scroll of random uselessness {unknown}
 l - 2 scrolls of enchant weapon {unknown}
Potions
 d - a potion of might
 h - 2 potions of heal wounds {unknown}
 n - a potion of invisibility {unknown}
Comestibles
 f - a bread ration


   Skills:
 - Level 2.6(2.4) Fighting
 + Level 6.1(5.9) Short Blades
 - Level 3.2(3.0) Armour
 - Level 3.2(3.0) Shields


You had 3 spell levels left.
You didn't know any spells.

Dungeon Overview and Level Annotations

Branches:
Dungeon (2/15)

Altars:


Innate Abilities, Weirdness & Mutations

You are small and have problems with some larger weapons.
You are somewhat resistant to further mutation.


Message History

The gnoll is heavily wounded.
The gnoll hits you with a spear. The gnoll hits you with a flail.
You hit the gnoll.
The gnoll is heavily wounded.
The gnoll hits you but does no damage. x3
You hit the gnoll but do no damage.
The gnoll is heavily wounded.
The gnoll completely misses you. The gnoll hits you with a halberd!
* * * LOW HITPOINT WARNING * * *
The gnoll barely misses you.
You hit the gnoll but do no damage.
The gnoll is heavily wounded.
You block the gnoll's attack.
The gnoll hits you but does no damage. x3
You hit the gnoll.
You kill the gnoll!
The gnoll barely misses you. You block the gnoll's attack.
You hit the gnoll.
The gnoll is moderately wounded.
The gnoll hits you with a spear.
You die...

...###..............
.......#....##......
.#.#####....##......
.#.....#.#####...###
.#.#.#.#.....#...##
..........#.......# ....
.....#.......#
................g)#####.
..... .#+##.....@g......
.....### #...####......
.....# #...# [....
.....###+##...# ....
.#............+ ...
......#.......# ##
..[...#.......#
..............#
..#.....##....+


You could see 2 gnolls.

Vanquished Creatures
  An adder (D:2)
  2 gnolls (D:2)
  2 oozes (D:1)
  2 worms (D:2)
  3 dart slugs
  3 giant geckos
  3 bats (D:1)
  4 goblins (D:1)
  8 hobgoblins
  A giant newt (D:2)
  5 kobolds
  5 rats
39 creatures vanquished.

Notes
Turn   | Place    | Note
--------------------------------------------------------------
     0 | D:1      | deorigin the Halfling Fighter began the quest for the Orb.
     0 | D:1      | Reached XP level 1. HP: 15/15 MP: 1/1
    50 | D:1      | Reached skill level 3 in Short Blades
    66 | D:1      | Reached XP level 2. HP: 17/20 MP: 2/2
   234 | D:1      | Reached skill level 4 in Short Blades
   448 | D:1      | Reached XP level 3. HP: 24/25 MP: 3/3
   989 | D:2      | Reached skill level 5 in Short Blades
  1044 | D:2      | Reached XP level 4. HP: 27/30 MP: 4/4
  1509 | D:2      | Reached skill level 6 in Short Blades
  1516 | D:2      | Slain by a gnoll

Skill      XL: |  1  2  3  4 |
---------------+-------------+-----
Short Blades   | 3 4 5 6 |  6.1
Fighting       | |  2.6
Armour         | |  3.2
Shields        | |  3.2

Action                   |  1- 3 |  4- 6 || total
-------------------------+-------+-------++-------
Melee: Rapier            |   109 |    69 ||   178
  Eat: Chunk             |       |     2 ||     2
Armor: Scale mail        |    24 |       ||    24
       Chain mail        |     7 |    43 ||    50
Dodge: Dodged            |    26 |    33 ||    59
Block: Shield            |    37 |    39 ||    76
